 Dungeon Crawl Stone Soup version 0.24.1-14-gf8d2b509d9 (webtiles) character file.

Game seed: 7124527560748730007, levelgen mode: deterministic

1570 Jumperg the Shooter (level 8, -3/68 HPs)
             Began as a Centaur Arcane Marksman on June 10, 2020.
             Was a Believer of Qazlal.
             Killed from afar by an orc wizard (9 damage)
             ... with a magic dart
             ... on level 6 of the Dungeon on June 11, 2020.
             The game lasted 02:00:40 (8825 turns).

Jumperg the Shooter (Centaur Arcane Marksman)       Turns: 8825, Time: 02:00:41

Health: -3/68      AC:  6    Str: 13      XL:     8   Next: 59%
Magic:  15/15      EV:  9    Int: 13      God:    Qazlal [**....]
Gold:   345        SH:  0    Dex: 10 (11) Spells: 13/17 levels left

rFire    . . .     SeeInvis .   d - +6 club
rCold    . . .     Gourm    +   (no shield)
rNeg     . . .     Faith    .   k - +0 leather armour
rPois    .         Spirit   .   x - +0 helmet
rElec    .         Reflect  .   w - +0 cloak
rCorr    .         Harm     .   (no gloves)
MR       .....                  (no barding)
Stlth    +.........             A - amulet of the gourmand
HPRegen  0.21/turn              h - ring of stealth
MPRegen  0.14/turn              (no ring)

@: confused, very quick
A: large, hooves 3, deformed body, speed 2, tough skin 3
a: Upheaval, Renounce Religion


You were on level 6 of the Dungeon.
You worshipped Qazlal.
Qazlal was pleased with you.
You were completely stuffed.

You visited 2 branches of the dungeon, and saw 7 of its levels.

You collected 345 gold pieces.

Inventory:

Hand Weapons
 a - a +0 shortbow
 d - a +6 club (weapon)
 r - a +0 short sword
 B - a +0 hunting sling
 D - a +1 vampiric dagger
 F - a +0 whip of flaming
 G - a cursed -2 glaive
 K - the +1 mace of Bankruptcy {protect, *Rage rPois rC+ Int+3}
   (You found it on level 6 of the Dungeon)

   It grants its wielder temporary protection when it strikes (+7 to AC).
   It affects your intelligence (+3).
   It protects you from cold.
   It protects you from poison.
   It may make you go berserk in combat.
Missiles
 b - 207 stones
 l - 49 bolts
 t - 5 javelins (quivered)
 u - 3 boomerangs
 y - 7 sling bullets
 H - 7 arrows
Armour
 k - a +0 leather armour (worn)
 w - a +0 cloak (worn)
 x - a +0 helmet (worn)
Jewellery
 h - a ring of stealth (left hand)
 A - an amulet of the gourmand (around neck)
Wands
 c - a wand of flame (19)
Scrolls
 e - 2 scrolls of magic mapping
 i - a scroll of immolation {unknown}
 j - 2 scrolls of enchant weapon
 q - a scroll of random uselessness {unknown}
 s - 4 scrolls of teleportation {unknown}
 z - a scroll of identify
 I - a scroll of amnesia {unknown}
Potions
 g - 2 potions of brilliance {unknown}
 m - a potion of lignification {unknown}
 n - a potion of agility {unknown}
 o - 3 potions of curing
 p - a potion of ambrosia
 v - 2 potions of invisibility {unknown}
 C - a potion of haste {unknown}
 E - 2 potions of might {unknown}
 J - a potion of flight {unknown}
 L - a potion of degeneration {unknown}
Comestibles
 f - 10 rations
 M - 3 chunks of flesh


   Skills:
 - Level 5.0 Fighting
 * Level 6.4 Bows
 - Level 1.3 Dodging
 * Level 5.0 Spellcasting
 - Level 5.1 Hexes
 + Level 1.9 Translocations


You had 13 spell levels left.
You knew the following spells:

 Your Spells              Type           Power        Failure   Level  Hunger
a - Corona                Hex            ###....      3%          1    None
b - Portal Projectile     Hex/Tloc       ##....       17%         3    ###....

Your spell library contained the following spells:

 Spells                   Type           Power        Failure   Level  Hunger
 Slow                     Hex            ###.....     4%          2    ##.....
 Confuse                  Hex            ###.....     9%          3    ###....
 Tukima's Dance           Hex            ###.....     9%          3    ###....
 Ensorcelled Hibernation  Hex/Ice        #.....       13%         2    ##.....
 Dazzling Spray           Conj/Hex       #.....       26%         3    ###....
 Inner Flame              Hex/Fire       #.......     26%         3    ###....
 Cause Fear               Hex            ###.......   28%         4    ####...
 Leda's Liquefaction      Hex/Erth       #.........   63%         4    ####...


Dungeon Overview and Level Annotations

Branches:
Dungeon (6/15)             Temple (1/1) D:4

Altars:
Ashenzari
Cheibriados
Dithmenos
Elyvilon
Fedhas
Gozag
Hepliaklqana
Kikubaaqudgha
Makhleb
Okawaru
Qazlal
Sif Muna
Trog
Uskayaw
Vehumet
Wu Jian
Xom
The Shining One

Shops:
D:4 :   D:6 =%

Annotations:
D:5 Eustachio
D:6 Blork the orc


Innate Abilities, Weirdness & Mutations

You have hooves in place of feet.
Armour fits poorly on your strangely shaped body.
You cover ground very quickly.
You have extremely tough skin. (AC +3)


Message History

The orc wizard hits you but does no damage.
You sock the orc wizard!
The orc wizard is almost dead.
The orc wizard points at you and mumbles some strange words.
The magic dart hits you.
* * * LOW HITPOINT WARNING * * *
The orc wizard gestures wildly while chanting.
The orc wizard flickers and vanishes!
Deactivating autopickup; reactivate with Ctrl-A.
You closely miss something. Something hits you.
* * * LOW HITPOINT WARNING * * *
You barely miss something.
You hear some strange, mumbled words.
You are confused.
You bump into the rock wall.
Something hits you but does no damage.
You barely miss something. Something hits you but does no damage.
You hear some strange, mumbled words.
A magic dart appears from out of thin air!
The magic dart hits you!
You die...

#)##..# #.##.#
#.###.### #.##'##
#..<....# #.#.[.#
######..# #.#...#
#o.# #.#...# #..#
#.#...#### #.o#
#.##.#...#
##.###[##.#...#
#..##.##@#...#
#..##.##{#...#####
#...#.##.........#
#...o..).).......#
###.)[##.........#
##..##.........#
#..##.........#
#..##.........#
##.############


There were no monsters in sight!

Vanquished Creatures
  Pikel (D:6)
  Menkaure (D:5)
  An orc warrior (D:6)
  2 ogres
  A howler monkey (D:5)
  A quasit (D:6)
  2 hounds
  2 orc priests
  A centaur zombie (D:6)
  3 orc wizards
  2 iguanas
  Ijyb (D:4)
  5 worker ants
  2 hound skeletons
  Robin (D:2)
  8 adders
  An ooze (D:3)
  An adder skeleton (D:6)
  2 worms
  2 dart slugs
  3 leopard geckos
  19 orcs
  8 bats
  2 bat zombies (D:3)
  2 giant cockroaches
  17 goblins
  8 hobgoblins
  13 jackals
  3 quokkas
  4 ball pythons
  2 frilled lizards
  6 kobolds
  8 rats
  4 rat zombies (D:3)
139 creatures vanquished.

Notes
Turn   | Place    | Note
-------+----------+-------------------------------------------
     0 | D:1      | Jumperg the Centaur Arcane Marksman began the quest for the
                  | Orb.
     0 | D:1      | Reached XP level 1. HP: 16/16 MP: 2/2
   335 | D:1      | Reached XP level 2. HP: 14/23 MP: 3/3
  1220 | D:2      | Found a faded altar of an unknown god.
  1271 | D:2      | Reached XP level 3. HP: 29/29 MP: 1/5
  1389 | D:2      | Found a stormy altar of Qazlal.
  1389 | D:2      | Noticed a fire elemental
  1391 | D:2      | Noticed an air elemental
  1391 | D:2      | Noticed a water elemental
  1391 | D:2      | Noticed an earth elemental
  1396 | D:2      | Became a worshipper of Qazlal Stormbringer
  1746 | D:2      | Reached XP level 4. HP: 28/36 MP: 6/6
  2374 | D:3      | Noticed Robin
  2421 | D:2      | Killed Robin
  2447 | D:3      | Reached * piety under Qazlal
  2625 | D:3      | Learned a level 3 spell: Portal Projectile
  2727 | D:3      | Found a shimmering altar of Xom.
  2881 | D:3      | Found an ancient bone altar of Kikubaaqudgha.
  3128 | D:3      | Reached XP level 5. HP: 44/44 MP: 5/8
  3391 | D:4      | Noticed an ogre
  4040 | D:4      | Reached ** piety under Qazlal
  4049 | D:4      | Reached XP level 6. HP: 51/51 MP: 7/10
  4123 | D:4      | Noticed Ijyb
  4143 | D:4      | HP: 2/51 [Ijyb/puff of flame (9)]
  4149 | D:4      | Killed Ijyb
  4388 | D:4      | Found a snail-covered altar of Cheibriados.
  4391 | D:4      | Found a burning altar of Makhleb.
  4455 | D:4      | Found a shimmering altar of Xom.
  4502 | D:4      | Found Hekk's Book Shoppe.
  4570 | D:4      | Found a staircase to the Ecumenical Temple.
  4595 | Temple   | Entered the Ecumenical Temple
  4844 | D:5      | Entered Level 5 of the Dungeon
  4858 | D:5      | Noticed Eustachio
  4958 | D:5      | Found a shadowy altar of Dithmenos.
  5075 | D:4      | Reached XP level 7. HP: 59/59 MP: 9/11
  5663 | D:5      | Noticed Menkaure
  6019 | D:5      | Killed Menkaure
  6019 | D:5      | Reached skill level 5 in Hexes
  6578 | D:6      | Noticed Blork the orc
  6771 | D:6      | Got a brightly glowing mace
  6882 | D:5      | Reached skill level 3 in Bows
  6943 | D:5      | Identified the cursed +1 mace of Bankruptcy {protect, *Rage
                  | rPois rC+ Int+3} (You found it on level 6 of the Dungeon)
  7114 | D:6      | Found Xighas's Food Shoppe.
  7311 | D:6      | Reached skill level 5 in Fighting
  7710 | D:6      | Reached skill level 4 in Bows
  8022 | D:6      | Reached XP level 8. HP: 57/68 MP: 12/14
  8088 | D:6      | Found Lairus's Jewellery Shoppe.
  8141 | D:6      | Noticed Pikel
  8289 | D:6      | Killed Pikel
  8289 | D:6      | Reached skill level 6 in Bows
  8289 | D:6      | Reached skill level 1 in Translocations
  8808 | D:6      | Reached skill level 5 in Spellcasting
  8825 | D:6      | Killed from afar by an orc wizard

Levels and vault maps discovered:
D:1:      evilmike_arrival_rings, layout_loops_ring, minmay_misc_feat_hallway
D:2:      layout_basic, nicolae_qazlal_style_of_elements,
          chequers_ecumenical_altar_simple
D:3:      layout_loops_corners, lemuel_zombie_altar_kikubaaqudgha, first_ration,
          xom_teletrap_fun, uniq_robin
D:4:      layout_rooms, chequers_temple_overflow_statue_of_worship,
          nicolae_overflow_crystal_walls, minmay_temple_entry_slanted,
          serial_shops, nicolae_shop_behind_doors, uniq_ijyb
D:5:      layout_loops_ring, nicolae_dithmenos_through_a_glass_darkly,
          uniq_eustachio, uniq_menkaure
D:6:      layout_basic, serial_shops, nicolae_shop_trees,
          nicolae_shop_statue_plus, uniq_blork_the_orc, uniq_pikel
Temple:   nicolae_temple_hex_pool

Skill      XL: |  1  2  3  4  5  6  7  8 |
---------------+-------------------------+-----
Hexes          | 3 4 5 |  5.1
Fighting       | 2 3 4 5 |  5.0
Spellcasting   | 2 3 4 5 |  5.0
Bows           | 4 6 |  6.4
Translocations | 1 |  1.9
Dodging        | |  1.3

Action                   |  1- 3 |  4- 6 |  7- 9 || total
-------------------------+-------+-------+-------++-------
Melee: Unarmed           |     8 |       |       ||     8
       Kick              |    13 |    26 |    23 ||    62
       Dagger            |    66 |     8 |       ||    74
       Club              |    18 |   118 |    69 ||   205
       Short sword       |       |     9 |       ||     9
       Mace              |       |       |    41 ||    41
       Whip              |       |       |     4 ||     4
 Fire: Shortbow          |    64 |    42 |    77 ||   183
       Hunting sling     |       |    40 |     8 ||    48
Throw: Stone             |     5 |    17 |     7 ||    29
       Javelin           |     3 |     7 |    10 ||    20
       Dart              |       |     6 |       ||     6
       Boomerang         |       |       |     5 ||     5
 Cast: Corona            |    11 |    32 |    47 ||    90
Invok: Upheaval          |       |       |     1 ||     1
Evoke: Wand              |       |       |     4 ||     4
  Use: Scroll            |       |     6 |     1 ||     7
       Potion            |       |     1 |       ||     1
  Eat: Chunk             |     2 |     9 |    15 ||    26
       Ration            |       |       |     1 ||     1
Armor: Robe              |     6 |       |       ||     6
       Leather armour    |    41 |    75 |    59 ||   175
Dodge: Dodged            |    51 |    61 |    60 ||   172
Block: Other             |       |     7 |     8 ||    15
